 Dungeon Crawl Stone Soup version 0.25-a0-547-g27a0b5d1ef (webtiles) character file.

Game seed: 16874863288233747904, levelgen mode: deterministic

5923 hittemvvvvvhard the Cutter (level 10, -2/53 HPs)
             Began as a Vine Stalker Monk on Feb 21, 2020.
             Was a Priest of Yredelemnul.
             Slain by a rakshasa (illusionary)
             ... wielding a +0 trident
              (10 damage)
             ... on level 10 of the Dungeon.
             The game lasted 00:38:17 (9271 turns).

hittemvvvvvhard the Cutter (Vine Stalker Monk)      Turns: 9271, Time: 00:38:18

Health: -2/53      AC: 17    Str: 17    XL:     10   Next: 83%
Magic:  0/14       EV:  6    Int: 10    God:    Yredelemnul [***...]
Gold:   210        SH:  9    Dex: 17    Spells: 9/9 levels left

rFire    + . .     SeeInvis +   a - +0 war axe (elec)
rCold    . . .     Gourm    .   i - +0 kite shield
rNeg     + . .     Faith    .   l - +0 chain mail {rF+} {rF+}
rPois    .         Spirit   +   f - +2 helmet
rElec    .         Reflect  .   t - +2 cloak {+Inv}
rCorr    .         Harm     .   (no gloves)
MR       +....                  B - +0 pair of boots
Stlth    ..........             (no amulet)
HPRegen  0.57/turn              N - ring of positive energy {rN+}
MPRegen  0.14/turn              S - ring of see invisible

@: no status effects
A: fangs 3, regeneration 1, magic shield, antimagic bite, no potion heal 3, rot
immunity
a: Recall Undead Slaves, Injury Mirror, Animate Dead, Renounce Religion, Evoke
Invisibility


You were on level 10 of the Dungeon.
You worshipped Yredelemnul.
Yredelemnul was most pleased with you.
You were not hungry.

You visited 2 branches of the dungeon, and saw 11 of its levels.
You also visited: Ossuary.

You collected 738 gold pieces.
You spent 528 gold pieces at shops.

Inventory:

Hand Weapons
 a - a +0 war axe of electrocution (weapon)
 b - a +3 war axe of venom
 o - a +0 broad axe
Missiles
 d - 16 boomerangs (quivered)
 h - 2 throwing nets {=f}
 p - 14 poisoned darts
 q - 69 bolts
 A - 2 javelins
 Q - 150 arrows
Armour
 f - a +2 helmet (worn)
 i - a +0 kite shield (worn)
 l - a +0 chain mail of fire resistance (worn) {rF+}
 t - a +2 cloak of invisibility (worn)
 B - a +0 pair of boots (worn)
Jewellery
 m - an uncursed ring of flight
 C - an uncursed ring of resist corrosion
 N - a ring of positive energy (left hand) {rN+}
 P - an uncursed ring of poison resistance
 S - a ring of see invisible (right hand)
Wands
 y - a wand of polymorph (12)
 z - a wand of flame (14)
 D - a wand of digging (6)
Scrolls
 c - a scroll of fog
 j - 4 scrolls of remove curse
Potions
 g - a potion of invisibility
 k - 4 potions of might
 n - 5 potions of curing
Comestibles
 e - 20 rations


   Skills:
 - Level 6.0 Fighting
   Level 7.1 Short Blades
 + Level 5.9 Axes
 + Level 4.5 Armour
 - Level 2.4 Dodging
 - Level 2.4 Stealth
 - Level 4.0 Shields
 - Level 3.1 Unarmed Combat
 + Level 4.7 Invocations
 + Level 5.0 Evocations


You had 9 spell levels left.
You didn't know any spells.
Your spell library contained the following spells:

 Spells                   Type           Power        Failure   Level  Hunger
 Animate Skeleton         Necr           N/A          100%        1    ##.....
 Pain                     Necr           #...         100%        1    ##.....
 Vampiric Draining        Necr           #.........   100%        3    ####...
 Animate Dead             Necr           N/A          100%        4    #####..
 Agony                    Necr           #.......     100%        5    ######.


Dungeon Overview and Level Annotations

Branches:
Dungeon (10/15)            Temple (1/1) D:6            Lair (0/6) D:8
Ossuary (visited)
    Orc: D:9-12

Altars:
Ashenzari
Cheibriados
Dithmenos
Elyvilon
Fedhas
Gozag
Hepliaklqana
Kikubaaqudgha
Makhleb
Nemelex Xobeh
Okawaru
Qazlal
Ru
Trog
Uskayaw
Vehumet
Wu Jian
Xom
Yredelemnul
Zin
The Shining One

Shops:
D:6 [   D:7 }=[[(   D:8 =

Annotations:
D:3 4 exclusions, Ijyb, Jessica
D:6 1 runed translucent door, exclusion: downstairs, kae's ghost, novice HOFi
D:7 Menkaure
D:9 2 transporters, Gulaox's ghost, novice DDFi


Innate Abilities, Weirdness & Mutations

You have razor-sharp teeth.
Your natural rate of healing is unusually fast.
When hurt, damage is shared between your health and your magic reserves.
Your bite disrupts and absorbs the magic of your enemies.
Potions cannot restore your health.
You are immune to rotting.


Message History

Unknown command.
Okay, then.
Unknown command.
Here: a rakshasa, wielding a +0 trident and wearing a +0 robe (heavily wounded)
The floor.
Unknown command.
The rakshasa gestures at you.
The lance of force hits your orc zombie!!
Your orc zombie is destroyed!
A water moccasin comes into view.
The rakshasa hits you with a +0 trident.
* * * LOW MAGIC WARNING * * *;
* * * LOW HITPOINT WARNING * * *
You take 5 damage, and have 7/53 hp.
You now have 3/14 mp.
Unknown command.
Okay, then.
Your chain mail prevents you from hitting the rakshasa.
The rakshasa hits you from afar with a +0 trident!
* * * LOW MAGIC WARNING * * *
You die...
Your body rises from the dead as a mindless zombie.

...................≈≈≈≈≈
...................≈≈≈≈≈
...................≈≈≈≈≈
............###.....≈≈≈.
.S.........## ##Z.......
≈≈≈........# #........
≈≈≈≈.......## ##........
..≈≈≈.......###.........
...≈≈#.@R...............
....##.Z................
.##. #.R)M..............
#.....R...............
...................###...
..................## ##..
..........>.......# #..
...........)......## ##..
...................###...

Skill      XL: |  1  2  3  4  5  6  7  8  9 10 |
---------------+-------------------------------+-----
Short Blades   | 1 2 3 4 5 6 7 |  7.1
Shields        | 2 4 |  4.0
Fighting       | 3 5 6 |  6.0
Axes           | 2 4 5 |  5.9
Evocations     | 2 4 5 |  5.0
Armour         | 1 3 4 |  4.5
Invocations    | 2 4 |  4.7
Dodging        | |  2.4
Stealth        | |  2.4
Unarmed Combat | |  3.1

Notes
Turn   | Place    | Note
-------+----------+-------------------------------------------
     0 | D:1      | hittemvvvvvhard the Vine Stalker Monk began the quest for
                  | the Orb.
     0 | D:1      | Reached XP level 1. HP: 11/11 MP: 2/2
   730 | D:2      | Reached skill level 1 in Short Blades
   730 | D:2      | Reached XP level 2. HP: 16/16 MP: 3/3
   786 | D:2      | Found a bloodstained altar of Trog.
   787 | D:2      | Found a shimmering altar of Xom.
   946 | D:2      | Reached skill level 2 in Short Blades
   959 | D:2      | Reached XP level 3. HP: 17/19 MP: 4/4
  1410 | D:2      | Found a shattered altar of Ashenzari.
  1418 | D:2      | Reached skill level 3 in Short Blades
  1418 | D:2      | Gained mutation: Your natural rate of healing is unusually
                  | fast. [Vine Stalker growth]
  1418 | D:2      | Reached XP level 4. HP: 15/23 MP: 5/5
  1744 | D:3      | Noticed Jessica
  1864 | D:3      | Noticed Ijyb
  1923 | D:4      | Reached skill level 4 in Short Blades
  1923 | D:4      | Reached XP level 5. HP: 27/27 MP: 6/6
  2058 | D:4      | Found a sand-covered staircase.
  2063 | Ossuary  | Entered an ossuary
  2151 | Ossuary  | Reached skill level 5 in Short Blades
  2165 | Ossuary  | Reached XP level 6. HP: 32/32 MP: 7/7
  2439 | Ossuary  | Reached skill level 6 in Short Blades
  2439 | Ossuary  | Reached XP level 7. HP: 22/35 MP: 5/8
  3305 | D:4      | Noticed Robin
  3333 | D:4      | Reached skill level 7 in Short Blades
  3349 | D:3      | Killed Robin
  3349 | D:3      | Reached skill level 1 in Shields
  3565 | D:4      | Got a silken robe
  3589 | D:5      | Entered Level 5 of the Dungeon
  3794 | D:4      | Reached skill level 3 in Fighting
  3794 | D:4      | Reached skill level 2 in Shields
  4253 | D:5      | Gained mutation: You have razor-sharp teeth. [Vine Stalker
                  | growth]
  4253 | D:5      | Reached XP level 8. HP: 34/40 MP: 9/9
  4652 | D:5      | Reached skill level 1 in Axes
  4652 | D:5      | Reached skill level 3 in Shields
  4707 | D:5      | Identified the +1 robe of Jeosiq {Str+2} (You found it on
                  | level 4 of the Dungeon)
  4945 | D:6      | Found a staircase to the Ecumenical Temple.
  4953 | Temple   | Entered the Ecumenical Temple
  5102 | D:6      | Noticed kae's ghost (novice HOFi)
  5105 | D:6      | Found a runed translucent door.
  5151 | D:6      | Found Zuatt's Armour Boutique.
  5310 | D:6      | Bought a +0 chain mail of fire resistance for 138 gold
                  | pieces
  5469 | D:6      | Reached skill level 1 in Evocations
  5474 | D:6      | Got a jewelled shortbow
  5480 | D:6      | Identified the cursed +1 shortbow of the Eel {vorpal, rF+
                  | MR- Str+4 Int+4} (You found it on level 6 of the Dungeon)
  5532 | D:6      | Reached skill level 2 in Axes
  5542 | D:6      | Reached skill level 1 in Armour
  5828 | D:6      | Reached skill level 2 in Evocations
  5974 | D:7      | Reached skill level 4 in Shields
  5992 | D:7      | Reached XP level 9. HP: 45/45 MP: 11/11
  5995 | D:7      | Reached skill level 4 in Fighting
  5995 | D:7      | Reached skill level 3 in Axes
  6059 | D:7      | Reached skill level 3 in Evocations
  6107 | D:7      | Found Guuzxao's Gadget Boutique.
  6111 | D:7      | Bought a wand of paralysis (9) for 132 gold pieces
  6171 | D:7      | Noticed Harold
  6290 | D:7      | Found a basalt altar of Yredelemnul.
  6297 | D:7      | Found Basaaw's Weapon Boutique.
  6311 | D:7      | Became a worshipper of Yredelemnul the Dark
  6311 | D:7      | Reached * piety under Yredelemnul
  6311 | D:7      | Reached ** piety under Yredelemnul
  6618 | D:8      | Reached skill level 2 in Armour
  6706 | D:8      | Noticed a two-headed ogre
  6706 | D:8      | Noticed a two-headed ogre
  6723 | D:8      | Killed a two-headed ogre
  6723 | D:8      | Reached skill level 4 in Axes
  6723 | D:8      | Reached skill level 2 in Invocations
  6723 | D:8      | Reached skill level 4 in Evocations
  6724 | D:8      | Noticed a merfolk
  6724 | D:8      | a two-headed ogre changed into a merfolk
  6728 | D:8      | HP: 10/46 [merfolk (11)]
  6746 | D:8      | HP: 6/46 [warg (10)]
  6776 | D:8      | Reached skill level 5 in Fighting
  6776 | D:8      | Reached skill level 3 in Armour
  6801 | D:8      | Reached XP level 10. HP: 28/51 MP: 14/14
  6884 | D:8      | Reached skill level 3 in Invocations
  6925 | D:8      | Found a staircase to the Lair.
  7077 | D:7      | Found Viucimoe's Armour Shoppe.
  7088 | D:7      | Reached skill level 5 in Axes
  7193 | D:6      | Bought a +2 cloak of invisibility for 258 gold pieces
  7232 | D:8      | Found Erghehopp's Jewellery Shop.
  7428 | D:8      | HP: 12/51 [merfolk (5)]
  7813 | D:9      | Got a polished quarterstaff
  7819 | D:9      | Identified the +5 quarterstaff "Hellblazer" {holy, rElec
                  | MR++ Dex-4 Stlth+} (You found it on level 9 of the Dungeon)
  7909 | D:9      | Reached *** piety under Yredelemnul
  7932 | D:9      | Found a transporter.
  7935 | D:9      | Noticed Gulaox's ghost (novice DDFi)
  7936 | D:9      | Noticed a manticore
  7952 | D:9      | Found a transporter.
  7953 | D:9      | Noticed a moth of wrath
  8030 | D:9      | Reached skill level 4 in Armour
  8125 | D:9      | Reached skill level 4 in Invocations
  8160 | D:9      | Received a gift from Yredelemnul (a wight)
  8418 | D:7      | Killed Harold
  8418 | D:7      | Reached skill level 6 in Fighting
  8685 | D:7      | Found an iron altar of Okawaru.
  8754 | D:7      | Found an ornate altar of the Wu Jian Council.
  8777 | D:7      | Found Xiduc's Jewellery Shoppe.
  8852 | D:7      | Found Yppy's Armour Emporium.
  8907 | D:7      | Noticed Menkaure
  9034 | D:10     | Entered Level 10 of the Dungeon
  9121 | D:10     | Noticed a rakshasa
  9131 | D:10     | Reached skill level 5 in Evocations
  9211 | D:10     | Received a gift from Yredelemnul (a mummy)
  9268 | D:10     | HP: 11/53 [rakshasa (illusionary)/+0 trident (9)]
  9271 | D:10     | Slain by a rakshasa (illusionary)

Table legend:
 A = Turns spent in this place as a percentage of turns spent in the entire game.
 B = Non-inter-level travel turns spent in this place as a percentage of non-inter-level travel turns spent in the entire game.
 C = Inter-level travel turns spent in this place as a percentage of turns spent in this place.
 D = Turns resting spent in this place as a percentage of non-inter-level travel turns spent in this place.
 E = Turns spent auto-exploring this place as a percentage of non-inter-level travel turns spent in this place.
 F = Non-inter-level travel turns spent in this place divided by the number of levels of this place that you've seen.
                   A       B       C       D       E      F
               +-------+-------+-------+-------+-------+----------------------
         Total | 100.0 | 100.0 |   7.3 |   3.3 |  65.4 | 716.2
       Dungeon |  93.1 |  92.6 |   7.8 |   3.5 |  68.3 | 796.0
        Temple |   1.4 |   1.5 |   3.1 |   0.0 |   0.0 | 127.0
       Ossuary |   5.5 |   5.9 |   0.0 |   0.0 |  36.7 | 507.0
               +-------+-------+-------+-------+-------+----------------------

Table legend:
 A = Kills in this place as a percentage of kills in entire the game.
 B = Kills by you in this place as a percentage of kills by you in the entire game.
 C = Kills by friends in this place as a percentage of kills by friends in the entire game.
 D = Other kills in this place as a percentage of other kills in the entire game.
 E = Experience gained in this place as a percentage of experience gained in the entire game.
 F = Experience gained in this place divided by the number of levels of this place that you have seen.
                   A       B       C       D       E      F
               +-------+-------+-------+-------+-------+----------------------
         Total | 100.0 | 100.0 | 100.0 |   N/A | 100.0 | 705.2
       Dungeon |  86.5 |  84.3 | 100.0 |   N/A |  95.5 | 807.7
       Ossuary |  13.5 |  15.7 |   0.0 |   N/A |   4.5 | 385.0
               +-------+-------+-------+-------+-------+----------------------

Action                   |  1- 3 |  4- 6 |  7- 9 | 10-12 || total
-------------------------+-------+-------+-------+-------++-------
Melee: Dagger            |    96 |   226 |   301 |       ||   623
       Unarmed           |     6 |       |       |       ||     6
       Bite              |    24 |    88 |   164 |    61 ||   337
       Punch             |     1 |     8 |     1 |       ||    10
       War axe           |       |       |   171 |   161 ||   332
Throw: Stone             |     2 |    42 |    43 |       ||    87
       Boomerang         |    19 |    26 |    30 |    10 ||    85
Invok: Animate Remains   |       |       |     4 |     2 ||     6
       Recall Undead Sla |       |       |     1 |       ||     1
       Animate Dead      |       |       |       |     5 ||     5
 Abil: Evoke Invisibilit |       |       |       |     1 ||     1
Evoke: Wand              |       |       |    10 |       ||    10
  Use: Scroll            |     5 |     2 |    17 |     1 ||    25
       Potion            |       |       |     3 |       ||     3
 Stab: Sleeping          |     1 |     3 |     4 |       ||     8
       Paralysed         |       |       |     3 |       ||     3
       Invisible         |       |       |       |     2 ||     2
       Distracted        |       |       |       |     1 ||     1
  Eat: Chunk             |     2 |     2 |    16 |     5 ||    25
       Ration            |       |       |     1 |     2 ||     3
Armor: Leather armour    |    14 |    20 |    35 |       ||    69
       Chain mail        |       |       |   107 |    96 ||   203
Dodge: Dodged            |    35 |    41 |   152 |    70 ||   298
Block: Buckler           |       |       |    72 |    26 ||    98
       Kite shield       |       |       |       |    34 ||    34

Vanquished Creatures
  Harold (D:7)
  A two-headed ogre (D:8)
  A troll (D:9)
  A hungry ghost (D:8)
  2 wargs (D:8)
  A water moccasin (D:10)
  4 sky beasts
  2 orc warriors (D:8)
  2 ice beasts
  A black bear (D:6)
  A phantom (D:6)
  A necrophage (D:7)
  An ogre (D:5)
  A centaur (D:10)
  A crocodile (D:10)
  4 bullfrogs
  2 elf zombies (Ossuary)
  A gnoll sergeant (D:7)
  2 water moccasin skeletons (D:7)
  4 crimson imps
  A centaur zombie (Ossuary)
  2 jellies
  2 centaur skeletons (D:6)
  7 orc priests
  4 hounds
  8 orc wizards
  5 iguanas
  5 worker ants
  3 big kobold zombies (Ossuary)
  2 mummies (Ossuary)
  A howler monkey zombie (D:6)
  3 worker ant zombies
  Robin (D:3)
  6 gnolls
  9 adders
  6 shadow imps
  3 oozes (D:9)
  2 adder zombies
  3 adder skeletons
  6 worms
  3 dart slugs
  5 leopard geckos
  30 orcs
  8 bats
  6 giant cockroaches
  15 goblins
  11 hobgoblins
  6 jackals
  6 quokkas
  A ball python (D:4)
  A ball python skeleton (D:4)
  4 frilled lizards
  2 goblin zombies (Ossuary)
  5 hobgoblin zombies (Ossuary)
  A jackal zombie (Ossuary)
  7 kobolds
  10 kobold zombies (Ossuary)
  A leopard gecko skeleton (D:6)
  12 orc zombies (Ossuary)
  A quokka skeleton (D:9)
  A plant (D:8)
249 creatures vanquished.

Vanquished Creatures (collateral kills)
  A merfolk (D:9)
  A troll (D:10)
  2 orc warriors
  A bullfrog (D:10)
  An orc priest (D:9)
  A centaur skeleton (D:9)
  2 jellies (D:9)
  2 oozes (D:9)
  An adder zombie (D:9)
  A leopard gecko (D:10)
  25 orcs
  2 goblins (D:7)
40 creatures vanquished.

Vanquished Creatures (others)
  A water moccasin zombie (D:10)
  2 troll zombies
  A wight (D:10)
  2 sky beast zombies
  An adder zombie (D:8)
  An iguana skeleton (D:9)
  A giant cockroach zombie (D:8)
  An orc zombie (D:10)
  A bush (D:4)
11 creatures vanquished.

Grand Total: 300 creatures vanquished You could see 3 rakshasas, a water moccasin, a friendly mummy and a friendly orc zombie.

Levels and vault maps discovered:
D:1:      minmay_arrival_stone_box, layout_loops_corners
D:2:      layout_loops_ring, nicolae_overflow_hidden_temple, first_ration
D:3:      layout_loops_ring, minmay_misc_feat_square, uniq_jessica,
          uniq_sigmund, uniq_ijyb
D:4:      layout_cave_pools, serial_park, serial_park_gazebo
          [serial_park_minivault_5x5_6], serial_park_square1
          [serial_park_minivault_5x5_3], serial_park_square2, enter_ossuary_2,
          uniq_robin
D:5:      layout_basic
D:6:      layout_basic, temple_fountains, serial_shops, shop_fountains,
          hellmonk_ghost_happy_afterlife
D:7:      layout_layer_cave, nicolae_overflow_crystal_walls,
          kennysheep_little_box, kennysheep_okawaru_gauntlet, serial_shops,
          nicolae_shop_crystal, shop_coins, shop, nicolae_shop_behind_doors,
          shop, uniq_menkaure, uniq_harold
D:8:      layout_rooms, erik_lair_orcish_takeover, serial_shops, kennysheep_mini
D:9:      layout_cave_pools, special_room [special_room_orc],
          gammafunk_ghost_berserking_beasts, hangedman_little_slice_of_home
D:10:     layout_big_octagon, serial_column_ruins, column_ruins_square_huge,
          column_ruins_open_tiny_water, column_ruins_columns_dead_end,
          column_ruins_columns_straight, column_ruins_open_tiny,
          column_ruins_open_small, column_ruins_open_tiny_water
Temple:   minmay_freezing_vapour_temple
